 Dungeon Crawl Stone Soup version 0.24-a0-699-g5a66b1aa3b (webtiles) character file.

Game seed: 7604516689195255742, levelgen mode: deterministic

1710 Marnok the Slasher (level 9, -1/68 HPs)
             Began as a Human Fighter on Sept 28, 2019.
             Slain by an orc warrior
             ... wielding a +0 mace
              (12 damage)
             ... on level 6 of the Dungeon.
             The game lasted 00:18:18 (5783 turns).

Marnok the Slasher (Human Fighter)                  Turns: 5783, Time: 00:18:18

Health: -1/68      AC: 15    Str: 19    XL:     9   Next: 24%
Magic:  9/9        EV: 10    Int: 12    God:
Gold:   248        SH: 10    Dex: 14    Spells: 8/8 levels left

rFire    . . .     SeeInvis .   a - +1 long sword
rCold    . . .     Gourm    .   c - +0 shield
rNeg     . . .     Faith    .   d - +3 ring mail
rPois    .         Spirit   .   (no helmet)
rElec    .         Reflect  .   u - +0 cloak
rCorr    .         Harm     .   j - +0 pair of gloves
MR       .....     Clarity  +   (no boots)
Stlth    +.........             (no amulet)
HPRegen  0.21/turn              k - ring of flight
MPRegen  0.11/turn              s - +4 ring of protection

@: hasted, very quick
A: agile 1, clarity, clever 1, evolution 1
a: Evoke Flight


You were on level 6 of the Dungeon.
You were not hungry.

You visited 1 branch of the dungeon, and saw 6 of its levels.

You collected 248 gold pieces.

Inventory:

Hand Weapons
 a - a +1 long sword (weapon)
 o - a +1 hand axe of freezing
 r - a +2 war axe of electrocution
 t - a +4 quarterstaff of chaos
Missiles
 i - 4 curare-tipped darts
 p - 7 boomerangs (quivered)
Armour
 c - a +0 shield (worn)
 d - a +3 ring mail (worn)
 j - a +0 pair of gloves (worn)
 q - the +1 robe of Curiosity {Str+3}
   (You found it on level 4 of the Dungeon)

   It affects your strength (+3).
 u - a +0 cloak (worn)
Jewellery
 b - an uncursed ring of flight
 k - a ring of flight (left hand)
 s - a +4 ring of protection (right hand)
Wands
 n - a wand of iceblast (10)
 v - a wand of random effects (26)
Scrolls
 e - a scroll of fear
 g - a scroll of teleportation
 h - a scroll of amnesia
 l - a scroll of blinking
 m - 3 scrolls of fog
 x - a scroll of magic mapping {unknown}
Potions
 w - a potion of haste
Comestibles
 f - 8 rations
 z - 2 chunks of flesh


   Skills:
 + Level 5.1 Fighting
 + Level 7.2 Long Blades
 + Level 5.3 Armour
 + Level 2.8 Dodging
 + Level 1.7 Stealth
 + Level 5.9 Shields


You had 8 spell levels left.
You didn't know any spells.
Your spell library was empty.

Dungeon Overview and Level Annotations

Branches:
Dungeon (6/15)             Temple (0/1) D:5

Altars:

Annotations:
D:6 Dowan


Innate Abilities, Weirdness & Mutations

You are agile. (Dex +2)
You possess an exceptional clarity of mind.
Your mind is acute. (Int +2)
You evolve.


Message History

The orc hits you but does no damage.
You hit the orc warrior.
The orc warrior is severely wounded.
You block the orc warrior's attack. The orc hits you but does no damage.
The orc warrior hits you but does no damage.
You barely miss the orc warrior.
The orc warrior is severely wounded.
The orc completely misses you.
You slash the orc warrior!
The orc warrior is almost dead.
The orc warrior hits you with a +0 mace!
* * * LOW HITPOINT WARNING * * *
You block the orc's attack.
You hit the orc warrior but do no damage.
The orc warrior is almost dead.
You block the orc's attack.
The orc warrior hits you but does no damage.
You feel yourself speed up. You block the orc's attack.
The orc warrior hits you with a +0 mace!
You die...

.o #.. ..## ##
..##
#..###..#####
##...........#
#......))....#
.#..$..[oo..#
#........@)..#
..#......<...#
#..........#
#..........#
###..[....##
...####..#
#### #.. #.#
.#


You could see an orc warrior and an orc.

Vanquished Creatures
  Grinder (D:4)
  Sigmund (D:2)
  Menkaure (D:4)
  A water moccasin (D:5)
  2 ogres
  2 phantoms
  A bullfrog (D:5)
  2 scorpions
  A crimson imp (D:5)
  2 howler monkeys
  A centaur zombie (D:5)
  A hound (D:5)
  Crazy Yiuf (D:4)
  An orc priest (D:5)
  2 centaur skeletons
  An iguana (D:5)
  3 orc wizards
  2 worker ants
  9 adders
  An adder skeleton (D:5)
  5 worms
  A dart slug (D:3)
  4 leopard geckos
  16 orcs
  8 bats
  2 giant cockroaches (D:2)
  8 hobgoblins
  8 jackals
  7 kobolds
  3 quokkas
  A ball python (D:1)
  4 frilled lizards
  7 goblins
  A quokka zombie (D:5)
  8 rats
119 creatures vanquished.

Notes
Turn   | Place    | Note
-------+----------+-------------------------------------------
     0 | D:1      | Marnok the Human Fighter began the quest for the Orb.
     0 | D:1      | Reached XP level 1. HP: 18/18 MP: 1/1
   191 | D:1      | Reached XP level 2. HP: 23/24 MP: 2/2
   479 | D:1      | Reached XP level 3. HP: 29/29 MP: 3/3
  1018 | D:2      | Reached XP level 4. HP: 35/35 MP: 4/4
  1231 | D:2      | Noticed Sigmund
  1241 | D:2      | Killed Sigmund
  1241 | D:2      | Reached skill level 3 in Long Blades
  1241 | D:2      | Reached skill level 1 in Dodging
  1241 | D:2      | Reached XP level 5. HP: 18/42 MP: 5/5
  1241 | D:2      | Reached XP level 6. HP: 21/48 MP: 6/6
  2470 | D:4      | Noticed an ogre
  2472 | D:4      | Got a heavy robe
  2479 | D:3      | Identified the +1 robe of Curiosity {Str+3} (You found it
                  | on level 4 of the Dungeon)
  2485 | D:3      | Gained mutation: You possess an exceptional clarity of
                  | mind. [potion of mutation]
  2485 | D:3      | Gained mutation: You evolve. [potion of mutation]
  2873 | D:4      | Reached skill level 4 in Long Blades
  2881 | D:4      | Killed an ogre
  2881 | D:4      | Reached XP level 7. HP: 42/53 MP: 7/7
  2990 | D:5      | Entered Level 5 of the Dungeon
  3152 | D:4      | Noticed Menkaure
  3171 | D:4      | Killed Menkaure
  3171 | D:4      | Reached skill level 5 in Long Blades
  3171 | D:4      | Reached skill level 5 in Shields
  3183 | D:4      | Reached XP level 8. HP: 31/60 MP: 8/8
  3359 | D:4      | Found a runed translucent door.
  3360 | D:4      | Noticed Crazy Yiuf
  3369 | D:4      | Killed Crazy Yiuf
  3633 | D:4      | Noticed Grinder
  3639 | D:4      | Paralysed by Grinder for 3 turns
  3673 | D:4      | Killed Grinder
  3673 | D:4      | Reached skill level 1 in Stealth
  3984 | D:4      | Gained mutation: Your mind is acute. (Int +2) [evolution]
  4597 | D:5      | Reached skill level 6 in Long Blades
  4646 | D:5      | Reached skill level 5 in Armour
  4866 | D:5      | Found a staircase to the Ecumenical Temple.
  4880 | D:6      | Noticed Dowan
  5196 | D:4      | Gained mutation: You are agile. (Dex +2) [evolution]
  5214 | D:5      | Reached XP level 9. HP: 67/67 MP: 9/9
  5344 | D:5      | Reached skill level 5 in Fighting
  5374 | D:5      | Reached skill level 7 in Long Blades
  5783 | D:6      | Slain by an orc warrior

Levels and vault maps discovered:
D:1:      matt_arrival_grand_opening, layout_basic
D:2:      layout_loops_cross, uniq_sigmund
D:3:      layout_loops_cross
D:4:      layout_layer_cave, grunt_ministairs_2, uniq_grinder, uniq_menkaure,
          uniq_crazy_yiuf_cottage
D:5:      layout_loops_ring, minmay_temple_entry_gardened_gates, first_ration,
          kennysheep_generic_room_16
D:6:      layout_rooms, lemuel_doored_altar, uniq_duvessa

Skill      XL: |  1  2  3  4  5  6  7  8  9 |
---------------+----------------------------+-----
Long Blades    | 3 4 5 6 7 |  7.2
Dodging        | 1 2 |  2.8
Shields        | 4 5 |  5.9
Armour         | 4 5 |  5.3
Fighting       | 4 5 |  5.1
Stealth        | 1 |  1.7

Action                   |  1- 3 |  4- 6 |  7- 9 || total
-------------------------+-------+-------+-------++-------
Melee: Long sword        |    77 |   192 |   308 ||   577
  Use: Potion            |       |     3 |     3 ||     6
       Scroll            |       |     7 |     6 ||    13
  Eat: Chunk             |       |     7 |     3 ||    10
       Ration            |       |       |     2 ||     2
Armor: Scale mail        |    52 |    64 |       ||   116
       Ring mail         |       |    21 |   101 ||   122
       Plate armour      |       |     4 |       ||     4
Dodge: Dodged            |    34 |    74 |    96 ||   204
Block: Shield            |    47 |   132 |   149 ||   328
       Rpst.: Long sword |    14 |    22 |    35 ||    71

Table legend:
 A = Non-vault XP
 B = Vault XP
 C = Vault XP percentage of total XP
 D = Non-vault monster count
 E = Vault monster count
 F = Vault count percentage of total count
                 A         B        C        D         E       F
            +---------+---------+-------+---------+---------+-------
      Total |    1521 |     923 |  37.8 |     113 |       6 |   5.0
            +---------+---------+-------+---------+---------+-------
        D:1 |      36 |       0 |   0.0 |      23 |       0 |   0.0
        D:2 |     108 |     208 |  65.8 |      31 |       1 |   3.1
        D:3 |      28 |       0 |   0.0 |      12 |       0 |   0.0
        D:4 |     376 |     599 |  61.4 |      14 |       4 |  22.2
        D:5 |     928 |     116 |  11.1 |      31 |       1 |   3.1
        D:6 |      45 |       0 |   0.0 |       2 |       0 |   0.0
            +---------+---------+-------+---------+---------+-------
